 Dungeon Crawl Stone Soup version 0.27.1-35-g4d5d836560 (webtiles) character file.

Game seed: 5951689897203129955

104 Froggeryz the Cutter (level 4, -4/33 HPs)
             Began as an Octopode Berserker on Jan 9, 2023.
             Was a Believer of Trog.
             Killed from afar by Grinder (6 damage)
             ... with a puff of flame
             ... on level 3 of the Dungeon.
             The game lasted 00:01:48 (2532 turns).

Froggeryz the Cutter (Octopode Berserker)           Turns: 2532, Time: 00:01:49

Health: -4/33      AC:  1    Str: 16    XL:     4   Next: 80%
Magic:  4/4        EV: 13    Int:  9    God:    Trog [**....]
Gold:   62         SH:  0    Dex: 12    Spells: 3/3 levels left

rFire    + . .     SeeInvis .   a - +0 short sword
rCold    + . .     Faith    .   (no shield)
rNeg     . . .     Spirit   .   (helmet restricted)
rPois    +         Reflect  .   (no amulet)
rElec    +         Harm     .   j - ring of resist corrosion
rCorr    +         Rampage  .   (no ring)
Will     .....                  (no ring)
Stlth    ++........             (no ring)
HPRegen  0.11/turn              (no ring)
MPRegen  0.09/turn              (no ring)
                                (no ring)
                                (no ring)

@: resistant, attractive, flying
A: almost no armour, amphibious, 8 rings, camouflage 1, gelatinous body 1,
(nimble swimmer 1), tentacles
a: Renounce Religion, Berserk, Trog's Hand


You were on level 3 of the Dungeon.
You worshipped Trog.
Trog was pleased with you.
You visited 1 branch of the dungeon, and saw 3 of its levels.

You collected 62 gold pieces.

Inventory:

Hand Weapons
 a - a +0 short sword (weapon)
Missiles
 k - 12 poisoned darts (quivered)
Jewellery
 j - a ring of resist corrosion (left tentacle)
Scrolls
 d - 2 scrolls of identify {unknown}
 i - a scroll of enchant armour {unknown}
 l - a scroll of silence {unknown}
Potions
 c - a potion of curing {unknown}
 e - a potion of attraction
 g - a potion of cancellation {unknown}
 h - a potion of brilliance {unknown}


   Skills:
 + Level 3.9 Fighting
 * Level 4.7 Short Blades
 - Level 3.0 Dodging


You had 3 spell levels left.
You didn't know any spells.
Your spell library was empty.

Dungeon Overview and Level Annotations

Branches:
Dungeon (3/15)

Altars:

Annotations:
D:3 Grinder


Innate Abilities, Weirdness & Mutations

You cannot wear most types of armour.
You are amphibious.
You can wear up to eight rings at the same time.
Your skin changes colour to match your surroundings (Stealth+).
Your rubbery body absorbs attacks. (AC +1, EV +1)
((You are camouflaged near water. (Stealth+)))
You have tentacles for arms and can constrict up to eight enemies at once.


Message History

Grinder blinks!
Found a stone staircase leading down.
Grinder drinks a potion.
Grinder seems to grow stronger.
Grinder zaps a wand.
The puff of flame hits you!
Grinder zaps a wand.
The puff of flame hits you!
Grinder zaps a wand.
The puff of flame hits you!
* * * LOW HITPOINT WARNING * * *
Grinder gestures at you. You resist with almost no effort.
You feel the effects of Trog's Hand fading.
Grinder zaps a wand.
The puff of flame hits you!
* * * LOW HITPOINT WARNING * * *
Your skin stops crawling.
You feel less strong-willed.
Grinder blinks!
Your skin crawls.
You feel strong-willed.
Grinder blinks!
You feel the effects of Trog's Hand fading.
Grinder zaps a wand.
The puff of flame hits you!
* * * LOW HITPOINT WARNING * * *
It was a potion of attraction.
You feel attractive to monsters. Grinder gestures at you.
You resist with almost no effort. Grinder is pulled toward you!
It was a potion of flight.
You feel very buoyant.
You fly up into the air.
Your skin stops crawling.
You feel less strong-willed. Grinder gestures at you.
You suddenly lose the ability to move!
Grinder hits you.
* * * LOW HITPOINT WARNING * * *
You writhe in agony.
* * * LOW HITPOINT WARNING * * *
You can move again.
Unknown command.
It was a potion of resistance.
You feel protected.
Grinder zaps a wand.
The puff of flame hits you. You resist.
You die...

#####.#
#.##.#.#.#<##.#......#.# # #.#
..#.#.#......#.##..... ### #.#
#.#.#.#.####.#.##.#.###
..###.####.#.#....#####.##...#
≈...#...).........#..#8.8#.###
≈≈≈..######.####..#........#
≈≈≈≈..# #.# #..#..#8.8###
≈≈≈≈≈....##.# #5.#..##.##
≈≈≈≈≈....##.# #@##.....#
####≈≈...##.. #.##.#####
...#≈≈...###.# #....#
#.###≈...# .. #..###
#...#≈...# #. #..# #..##≈...#
#.##..# # #.#.#...# #..#..# .#
####....# #.#..##.# ≈≈≈#..###
#.......#


You could see Grinder (strong).

Vanquished Creatures
  Natasha (D:3)
  A gnoll (D:1)
  2 adders (D:3)
  A worm (D:2)
  A dart slug (D:1)
  2 orcs
  7 endoplasms
  A giant cockroach (D:3)
  5 goblins
  3 hobgoblins
  3 kobolds
  4 quokkas
  2 ball pythons (D:1)
  6 bats
  A frilled lizard (D:2)
  3 rats
43 creatures vanquished.

Notes
Turn   | Place    | Note
-------+----------+-------------------------------------------
     0 | D:1      | Froggeryz the Octopode Berserker began the quest for the
                  | Orb.
     0 | D:1      | Reached XP level 1. HP: 16/16 MP: 1/1
    26 | D:1      | Reached XP level 2. HP: 21/21 MP: 2/2
    44 | D:1      | Found a faded altar of an unknown god.
   580 | D:1      | Reached XP level 3. HP: 26/26 MP: 3/3
  1305 | D:2      | Reached ** piety under Trog
  1306 | D:2      | Reached skill level 4 in Short Blades
  2141 | D:3      | Reached XP level 4. HP: 32/32 MP: 4/4
  2412 | D:3      | Noticed Natasha
  2417 | D:3      | Killed Natasha
  2494 | D:3      | Noticed Grinder
  2530 | D:3      | Paralysed by Grinder for 2 turns
  2532 | D:3      | Killed from afar by Grinder

Illustrated notes

Levels and vault maps discovered:
D:1:      lemuel_arrival_room, layout_loops_corners,
          chequers_ecumenical_altar_simple_redux
D:2:      layout_loops_ring
D:3:      layout_basic, kennysheep_pointless_box, minmay_misc_feat_roman,
          grunt_decor_junction, small_statue_intersection,
          hangedman_decor_points, uniq_grinder, uniq_natasha, uniq_sigmund

Skill      XL: |  1  2  3 |
---------------+----------+-----
Short Blades   | 4 |  4.7
Fighting       | |  3.9
Dodging        | |  3.0

Action                   |  1- 3 |  4- 6 || total
-------------------------+-------+-------++-------
Melee: Short sword       |    63 |    23 ||    86
       Tentacles         |    15 |     3 ||    18
       Constrict         |    11 |     6 ||    17
Invok: Trog's Hand       |       |     2 ||     2
  Use: Potion            |       |     3 ||     3
 Stab: Sleeping          |    13 |     5 ||    18
Armor: Skin              |     8 |       ||     8
Dodge: Dodged            |    24 |    11 ||    35
